 Dungeon Crawl Stone Soup version 0.25-a0-448-g1f46b9f714 (webtiles) character file.

Game seed: 2758952658135381575, levelgen mode: deterministic

1117 kae the Transmogrifier (level 8, -3/59 HPs)
             Began as a Pale Draconian Transmuter on Jan 31, 2020.
             Was a Follower of Uskayaw.
             Slain by a two-headed ogre
             ... wielding a +0 dire flail
              (25 damage)
             ... on level 5 of the Dungeon.
             The game lasted 00:05:31 (6021 turns).

kae the Transmogrifier (Pale Draconian Transmuter)  Turns: 6021, Time: 00:05:32

Health: -3/59      AC:  2    Str: 13    XL:     8   Next: 12%
Magic:  8/11       EV: 19    Int: 14    God:    Uskayaw [*.....]
Gold:   255        SH:  3    Dex: 18    Spells: 5/11 levels left

rFire    . . .     SeeInvis .     - Unarmed
rCold    . . .     Gourm    .   (shield currently unavailable)
rNeg     . . .     Faith    .   (armour unavailable)
rPois    x         Spirit   .   (helmet currently unavailable)
rElec    .         Reflect  +   (cloak currently unavailable)
rCorr    .         Harm     .   (gloves currently unavailable)
MR       .....                  (boots currently unavailable)
Stlth    ++........             d - +3 amulet of reflection
HPRegen  0.19/turn              (no ring)
MPRegen  0.12/turn              (no ring)

@: spider-form (expiring)
A: tiny, (breathe steam), unfitting armour, AC +6
a: End Transformation, Stomp, Renounce Religion


You were on level 5 of the Dungeon.
You worshipped Uskayaw.
Uskayaw was noncommittal.
You were hungry.
You were a venomous arachnid creature.
You visited 2 branches of the dungeon, and saw 7 of its levels.

You collected 255 gold pieces.

Inventory:

Missiles
 a - 62 arrows
Armour
 v - a +1 pair of gloves (melded)
Jewellery
 d - a +3 amulet of reflection (around neck)
Wands
 e - a wand of disintegration (19)
 f - a wand of random effects (25)
 s - a wand of paralysis (11)
Scrolls
 j - a scroll of identify
 k - 2 scrolls of random uselessness
 l - 2 scrolls of remove curse
Potions
 b - 3 potions of curing
 g - a potion of agility
 m - 2 potions of heal wounds
 q - 2 potions of brilliance
 r - a potion of ambrosia
 t - 2 potions of haste
Comestibles
 c - 7 rations


   Skills:
 - Level 1.1 Fighting
 - Level 1.7 Dodging
 + Level 6.2 Unarmed Combat
 - Level 2.0 Spellcasting
 * Level 8.1 Transmutations


You had 5 spell levels left.
You knew the following spells:

 Your Spells              Type           Power        Failure   Level  Hunger
a - Beastly Appendage     Tmut           ###...       4%          1    ##.....
b - Sticks to Snakes      Tmut           ###.....     6%          2    ###....
c - Spider Form           Tmut/Pois      ##........   32%         3    ####...

Your spell library contained the following spells:

 Spells                   Type           Power        Failure   Level  Hunger
 Blade Hands              Tmut           ###.......   45%         5    ######.
 Ice Form                 Ice/Tmut       ##......     63%         4    #####..


Dungeon Overview and Level Annotations

Branches:
Dungeon (6/15)             Temple (1/1) D:6

Altars:
Ashenzari
Cheibriados
Dithmenos
Elyvilon
Fedhas
Gozag
Hepliaklqana
Kikubaaqudgha
Makhleb
Nemelex Xobeh
Qazlal
Ru
Sif Muna
Trog
Uskayaw
Vehumet
Wu Jian
Xom
Yredelemnul
Zin
The Shining One


Innate Abilities, Weirdness & Mutations

((You can breathe blasts of scalding, opaque steam.))
((Your pale cyan-grey scales are hard. (AC +6)))
You cannot fit into any form of body armour.
((You are cold-blooded and may be slowed by cold attacks.))


Message History

Confirm with . or Enter, or press ? or * to list all spells.
You turn into a venomous arachnid creature.
Your +1 pair of gloves melds into your body.
You bite the two-headed ogre!
The two-headed ogre is poisoned.
The two-headed ogre is lightly wounded.
The two-headed ogre completely misses you.
You block the two-headed ogre's attack.
You hit the two-headed ogre.
The two-headed ogre looks as sick as possible!
The two-headed ogre is moderately wounded.
The two-headed ogre hits you with a +0 dire flail!!
The two-headed ogre hits you with a +0 giant club!
You hit the two-headed ogre.
The two-headed ogre is moderately wounded.
Your transformation is almost over.
You block the two-headed ogre's attack. The two-headed ogre barely misses you.
You hit the two-headed ogre but do no damage.
The two-headed ogre is moderately wounded.
The two-headed ogre hits you with a +0 dire flail!!
You die...

###..####.#......#
###..####.#.##.#.#
..........#.##...#
##.......##.####.#
#..(....##.####.#
##)......##......#
.....[...#######.#
##.......# #.#
#.......# #s#
#.......# #O#
######### ##.#
#..# #.## #.# #.#
#.......#
#.##.####


You could see a two-headed ogre.

Vanquished Creatures
  Sigmund (D:3)
  Edmund (D:5)
  An ice beast (D:6)
  A phantom (D:4)
  3 crimson imps
  A hound (D:5)
  A jelly (D:5)
  5 orc priests (D:4)
  Jessica (D:3)
  An iguana (D:4)
  2 orc wizards
  3 hound skeletons
  9 adders
  An ooze (D:2)
  An adder skeleton (D:4)
  6 worms
  4 dart slugs
  7 leopard geckos
  11 orcs
  2 ball pythons
  4 giant cockroaches
  12 goblins
  7 hobgoblins
  6 jackals
  3 kobolds
  4 quokkas
  A bat (D:1)
  4 frilled lizards
  A leopard gecko skeleton (D:4)
  A leopard gecko zombie (D:6)
  7 rats
112 creatures vanquished.

Notes
Turn   | Place    | Note
-------+----------+-------------------------------------------
     0 | D:1      | kae the Draconian Transmuter began the quest for the Orb.
     0 | D:1      | Reached XP level 1. HP: 16/16 MP: 3/3
   248 | D:1      | Reached XP level 2. HP: 16/23 MP: 3/5
  1073 | D:2      | Reached skill level 3 in Transmutations
  1320 | D:2      | Reached XP level 3. HP: 15/28 MP: 4/6
  1599 | D:2      | Learned a level 2 spell: Sticks to Snakes
  1603 | D:2      | Learned a level 3 spell: Spider Form
  1797 | D:2      | Reached XP level 4. HP: 15/35 MP: 7/7
  2196 | D:2      | Reached skill level 4 in Transmutations
  2552 | D:3      | Noticed Jessica
  2573 | D:3      | Killed Jessica
  2743 | D:3      | Reached XP level 5. HP: 38/40 MP: 4/8
  3065 | D:3      | Found a basalt altar of Yredelemnul.
  3112 | D:3      | Noticed Sigmund
  3135 | D:3      | Killed Sigmund
  3135 | D:3      | Reached skill level 5 in Transmutations
  3135 | D:3      | Reached XP level 6. HP: 47/47 MP: 4/9
  3390 | D:3      | You fall into a shaft and drop 3 floors!
  3535 | D:6      | Noticed an ice beast
  3552 | D:6      | Killed an ice beast
  3552 | D:6      | Reached skill level 5 in Unarmed Combat
  3552 | D:6      | Reached skill level 6 in Transmutations
  3667 | D:6      | Found a staircase to the Ecumenical Temple.
  3696 | Temple   | Entered the Ecumenical Temple
  3979 | Temple   | Became a worshipper of Uskayaw the Reveler
  4011 | D:5      | Entered Level 5 of the Dungeon
  4046 | D:5      | Reached * piety under Uskayaw
  4049 | D:5      | Your scales start taking on a pale cyan-grey colour.
  4049 | D:5      | Reached XP level 7. HP: 13/52 MP: 6/10
  4328 | D:5      | Reached ** piety under Uskayaw
  4340 | D:5      | Reached *** piety under Uskayaw
  4345 | D:5      | Noticed Edmund
  4365 | D:5      | Killed Edmund
  4381 | D:5      | Reached skill level 7 in Transmutations
  5535 | D:4      | Reached XP level 8. HP: 59/59 MP: 8/11
  5537 | D:4      | Reached skill level 8 in Transmutations
  5537 | D:4      | Reached **** piety under Uskayaw
  6009 | D:5      | Noticed a two-headed ogre
  6021 | D:5      | Slain by a two-headed ogre

Levels and vault maps discovered:
D:1:      matt_arrival_los_fun, layout_basic
D:2:      layout_basic, skrybe_limestone_x, serial_bayou_pond_d, chequers_jeans
D:3:      layout_loops_ring, first_ration, hangedman_decor_opposing,
          yredelemnul_altar_generic, uniq_jessica, uniq_sigmund
D:4:      layout_basic
D:5:      layout_loops_cross, lemuel_doored_altar, uniq_edmund, uniq_menkaure
D:6:      layout_loops_corners, temple_pool_b
Temple:   regret_index_temple_sigil_plot

Skill      XL: |  1  2  3  4  5  6  7  8 |
---------------+-------------------------+-----
Transmutations | 3 4 5 6 7 8 |  8.1
Unarmed Combat | 4 5 6 |  6.2
Fighting       | |  1.1
Dodging        | |  1.7
Spellcasting   | |  2.0

Action                   |  1- 3 |  4- 6 |  7- 9 || total
-------------------------+-------+-------+-------++-------
Melee: Unarmed           |   125 |   133 |   173 ||   431
       Kick              |     7 |     4 |     1 ||    12
       Tailslap          |    11 |     4 |    14 ||    29
       Headbutt          |    13 |     3 |     1 ||    17
       Punch             |     1 |     2 |     1 ||     4
 Cast: Beastly Appendage |    19 |     6 |     2 ||    27
       Spider Form       |       |    10 |     8 ||    18
       Sticks to Snakes  |       |       |     2 ||     2
  Use: Potion            |       |     1 |     2 ||     3
       Scroll            |       |       |    16 ||    16
 Stab: Sleeping          |       |     3 |       ||     3
       Paralysed         |       |       |     2 ||     2
  Eat: Chunk             |     3 |     7 |     6 ||    16
       Ration            |       |     1 |       ||     1
Armor: Skin              |    26 |    18 |    30 ||    74
Dodge: Dodged            |    71 |    93 |   104 ||   268
Block: Other             |       |       |    15 ||    15

Table legend:
 A = Non-vault XP
 B = Vault XP
 C = Vault XP percentage of total XP
 D = Non-vault monster count
 E = Vault monster count
 F = Vault count percentage of total count
                 A         B        C        D         E       F
            +---------+---------+-------+---------+---------+-------
      Total |    1157 |     440 |  27.6 |     109 |       3 |   2.7
            +---------+---------+-------+---------+---------+-------
        D:1 |      28 |       0 |   0.0 |      14 |       0 |   0.0
        D:2 |     112 |       0 |   0.0 |      32 |       0 |   0.0
        D:3 |     122 |     264 |  68.4 |      28 |       2 |   6.7
        D:4 |     478 |       0 |   0.0 |      22 |       0 |   0.0
        D:5 |     167 |     176 |  51.3 |       6 |       1 |  14.3
        D:6 |     250 |       0 |   0.0 |       7 |       0 |   0.0
            +---------+---------+-------+---------+---------+-------
